BSA
HOUSTON MARSHALS @ NASHVILLE G-STRINGS
02/28/2029
 
TOP OF THE 1ST
Houston Marshals batting - Pitching for Nashville G-Strings : RHP Bennie Jones
Pitching: RHP Bennie Jones
Batting: LHB Guy Moss 0-0: Ball
1-0: Foul Ball, location: 2F
1-1: Ball
2-1: Foul Ball, location: 2F
2-2: Ball
3-2: Fly out, F7 (Flyball, 78XD)
Batting: SHB Juan Gómez 0-0: Called Strike
0-1: SINGLE (Groundball, 4MD)
Batting: LHB Lewis Barr 0-0: SINGLE (Groundball, 34D)
Juan Gómez to second
Batting: LHB José Rodríguez 0-0: Called Strike
0-1: Ball
1-1: Ball
2-1: Foul Ball, location: 2F
2-2: Strikes out swinging
Batting: RHB Raúl Soto 0-0: Called Strike
0-1: Foul Ball, location: 2F
0-2: Strikes out swinging
Top of the 1st over - 0 runs, 2 hits, 0 errors, 2 left on base; Houston 0 - Nashville 0
BOTTOM OF THE 1ST
Nashville G-Strings batting - Pitching for Houston Marshals : LHP Stanley Inman
Pitching: LHP Stanley Inman
Batting: SHB Jorge Flores 0-0: Ball
1-0: Swinging Strike
1-1: Foul Ball, location: 2F
1-2: Ball
2-2: Ball
3-2: Base on Balls
Batting: RHB Eric Thompson 0-0: Called Strike
0-1: Ball
1-1: Fielders Choice at 2nd, 1-6 (Groundball, 13S)
Batting: RHB Juan Costello 0-0: Called Strike
0-1: SINGLE (Groundball, 6MD)
Eric Thompson to second
Runner from 2nd tries for 3rd, OUT!
Batting: RHB Dick Slagboom 0-0: Ball
Juan Costello steals 2nd base
1-0: Called Strike
1-1: Foul Ball, location: 2F
1-2: Ball
2-2: Foul Ball, location: 2F
2-2: Foul Ball, location: 2F
2-2: Foul Ball, location: 2F
2-2: Ball
3-2: Ground out 4-3 (Groundball, 34)
Bottom of the 1st over - 0 runs, 1 hit, 0 errors, 1 left on base; Houston 0 - Nashville 0
TOP OF THE 2ND
Houston Marshals batting - Pitching for Nashville G-Strings : RHP Bennie Jones
Batting: LHB Matt Smith 0-0: Foul Ball, location: 2F
0-1: Swinging Strike
0-2: Strikes out swinging
Batting: RHB Esteban Lara 0-0: Swinging Strike
0-1: Swinging Strike
0-2: Ball
1-2: Ball
2-2: Ball
3-2: Strikes out swinging
Batting: RHB Javier Rentería 0-0: Called Strike
0-1: Ball
1-1: Foul Ball, location: 2F
1-2: Foul Ball, location: 2F
1-2: Foul Ball, location: 2F
1-2: Strikes out swinging
Top of the 2nd over - 0 runs, 0 hits, 0 errors, 0 left on base; Houston 0 - Nashville 0
BOTTOM OF THE 2ND
Nashville G-Strings batting - Pitching for Houston Marshals : LHP Stanley Inman
Batting: SHB Martín Medina 0-0: Ball
1-0: SOLO HOME RUN (Flyball, 7LD), Distance : 344 ft
Batting: SHB Dave Henley 0-0: Foul Ball, location: 2F
0-1: Foul Ball, location: 2F
0-2: Ball
1-2: Ball
2-2: SINGLE (Line Drive, 4)
Batting: LHB Alex Henderson 0-0: Called Strike
0-1: Ball
1-1: Fielders Choice at 2nd, 5-4 (Groundball, 5)
Batting: LHB Jesús Núñez 0-0: Ball
1-0: Ball
2-0: Called Strike
2-1: Foul Ball, location: 2F
2-2: Strikes out looking
Batting: LHB John Latham 0-0: Called Strike
0-1: Swinging Strike
0-2: Ball
1-2: Foul Ball, location: 2F
1-2: Strikes out swinging
Bottom of the 2nd over - 1 run, 2 hits, 0 errors, 1 left on base; Houston 0 - Nashville 1
TOP OF THE 3RD
Houston Marshals batting - Pitching for Nashville G-Strings : RHP Bennie Jones
Batting: RHB Michael Thomas 0-0: Foul Ball, location: 2F
0-1: Ball
1-1: Foul Ball, location: 2F
1-2: Ball
2-2: Ball
3-2: Foul Ball, location: 2F
3-2: SINGLE (Flyball, 34D)
Batting: LHB Guy Moss 0-0: DOUBLE (Line Drive, 7D)
Michael Thomas to third
Batting: SHB Juan Gómez 0-0: SINGLE (Flyball, 8LS)
Michael Thomas scores
Guy Moss to third
Runner from 3rd tries for Home, SAFE, no throw
Batting: LHB Lewis Barr 0-0: Ball
1-0: Ball
2-0: Ball
3-0: Base on Balls
Juan Gómez to second
Batting: LHB José Rodríguez 0-0: Called Strike
0-1: Ball
1-1: Called Strike
1-2: Ball
2-2: Strikes out swinging
Batting: RHB Raúl Soto 0-0: Called Strike
0-1: Fly out, F8 (Flyball, 78XD)
Runner from 2nd tags up, SAFE at 3rd, no throw
Batting: LHB Matt Smith 0-0: Called Strike
0-1: Ball
1-1: Ground out 4-3 (Groundball, 4)
Top of the 3rd over - 2 runs, 3 hits, 0 errors, 2 left on base; Houston 2 - Nashville 1
BOTTOM OF THE 3RD
Nashville G-Strings batting - Pitching for Houston Marshals : LHP Stanley Inman
Batting: SHB Jorge Flores 0-0: Ball
1-0: Ball
2-0: Called Strike
2-1: Ball
3-1: Called Strike
3-2: Foul Ball, location: 2F
3-2: Base on Balls
Batting: RHB Eric Thompson 0-0: Ball
1-0: Swinging Strike
1-1: Ball
2-1: Grounds into double play, 6-4-3 (Groundball, 6)
Batting: RHB Juan Costello 0-0: Ball
1-0: Foul Ball, location: 2F
1-1: Ball
2-1: Ball
3-1: Foul Ball, location: 2F
3-2: Foul Ball, location: 2F
3-2: Foul Ball, location: 2F
3-2: Base on Balls
Batting: RHB Dick Slagboom 0-0: Foul Ball, location: 2F
0-1: Foul Ball, location: 2F
0-2: Foul Ball, location: 2F
0-2: Ball
Juan Costello steals 2nd base
1-2: Ball
2-2: Ball
3-2: SINGLE (Groundball, 4MD)
Juan Costello to third
Juan Costello scores
Batting: SHB Martín Medina 0-0: Called Strike
0-1: Ball
1-1: Ball
2-1: Swinging Strike
2-2: Foul Ball, location: 2F
2-2: Ball
3-2: Foul Ball, location: 2F
3-2: SINGLE (Line Drive, 78M)
Dick Slagboom to second
Dick Slagboom to third
Batting: SHB Dave Henley 0-0: Ball
1-0: Fly out, F8 (Flyball, 78XD)
Bottom of the 3rd over - 1 run, 2 hits, 0 errors, 2 left on base; Houston 2 - Nashville 2
TOP OF THE 4TH
Houston Marshals batting - Pitching for Nashville G-Strings : RHP Bennie Jones
Batting: RHB Esteban Lara 0-0: Ball
1-0: Fly out, F8 (Line Drive, 78M)
Batting: RHB Javier Rentería 0-0: Ball
1-0: Ball
2-0: Ground out 6-3 (Groundball, 6)
Batting: RHB Michael Thomas 0-0: SOLO HOME RUN (Flyball, 7LD), Distance : 367 ft
Batting: LHB Guy Moss 0-0: Ball
1-0: Foul Ball, location: 2F
1-1: Called Strike
1-2: Ball
2-2: Ball
3-2: Ground out 6-3 (Groundball, 6)
Top of the 4th over - 1 run, 1 hit, 0 errors, 0 left on base; Houston 3 - Nashville 2
BOTTOM OF THE 4TH
Nashville G-Strings batting - Pitching for Houston Marshals : LHP Stanley Inman
Batting: LHB Alex Henderson 0-0: Called Strike
0-1: Called Strike
0-2: Strikes out swinging
Batting: LHB Jesús Núñez 0-0: Called Strike
0-1: Ball
1-1: Ground out U3 (Groundball, 3)
Batting: LHB John Latham 0-0: Called Strike
0-1: Ball
1-1: Swinging Strike
1-2: Ball
2-2: Foul Ball, location: 2F
2-2: Foul Ball, location: 2F
2-2: SINGLE (Flyball, 9S)
Batting: SHB Jorge Flores 0-0: SINGLE (Groundball, 3) (infield hit)
John Latham to second
Batting: RHB Eric Thompson 0-0: Foul Ball, location: 2F
0-1: Ball
1-1: Fly out, F7 (Line Drive, 7)
Bottom of the 4th over - 0 runs, 2 hits, 0 errors, 2 left on base; Houston 3 - Nashville 2
TOP OF THE 5TH
Houston Marshals batting - Pitching for Nashville G-Strings : RHP Bennie Jones
Pitching: RHP Noriyuki Matsui
Batting: SHB Juan Gómez 0-0: Foul Ball, location: 2F
0-1: Foul Ball, location: 2F
0-2: Ball
1-2: Ball
2-2: Ground out 6-3 (Groundball, 6)
Batting: LHB Lewis Barr 0-0: Ball
1-0: Called Strike
1-1: Ball
2-1: Fly out, F6 (Line Drive, 6M)
Batting: LHB José Rodríguez 0-0: Called Strike
0-1: Swinging Strike
0-2: Foul Ball, location: 2F
0-2: Ball
1-2: Strikes out swinging
Top of the 5th over - 0 runs, 0 hits, 0 errors, 0 left on base; Houston 3 - Nashville 2
BOTTOM OF THE 5TH
Nashville G-Strings batting - Pitching for Houston Marshals : LHP Stanley Inman
Pitching: RHP José Salinas
Batting: RHB Juan Costello 0-0: Swinging Strike
0-1: Foul Ball, location: 2F
0-2: Strikes out swinging
Batting: RHB Dick Slagboom 0-0: Called Strike
0-1: Foul Ball, location: 2F
0-2: Ball
1-2: Ground out 6-3 (Groundball, 6)
Batting: SHB Martín Medina 0-0: Called Strike
0-1: Reached on error, E6 (Groundball, 6)
Batting: SHB Dave Henley 0-0: Ball
1-0: Fly out, F9 (Line Drive, 9D)
Bottom of the 5th over - 0 runs, 0 hits, 1 error, 1 left on base; Houston 3 - Nashville 2
TOP OF THE 6TH
Houston Marshals batting - Pitching for Nashville G-Strings : RHP Noriyuki Matsui
Batting: RHB Raúl Soto 0-0: Called Strike
0-1: Foul Ball, location: 2F
0-2: Ball
1-2: Foul Ball, location: 2F
1-2: SINGLE (Flyball, 89S)
Batting: LHB Matt Smith 0-0: Swinging Strike
0-1: Ball
1-1: Ball
2-1: Ball
3-1: Foul Ball, location: 2F
3-2: Strikes out swinging
Raúl Soto steals 2nd base
Batter strikes out.
Batting: RHB Esteban Lara 0-0: Called Strike
0-1: Ball
1-1: Ball
2-1: Foul Ball, location: 2F
2-2: Ball
3-2: Base on Balls
Batting: RHB Javier Rentería 0-0: Ground out 5-3 (Groundball, 56S)
Raúl Soto to third
Esteban Lara to second
Batting: RHB Michael Thomas 0-0: Called Strike
0-1: Ball
1-1: Foul Ball, location: 2F
1-2: Ball
2-2: SINGLE (Groundball, 6MD)
Raúl Soto scores
Esteban Lara to third
Runner from 3rd tries for Home, SAFE, throw made home
Michael Thomas to second
Batting: LHB Guy Moss 0-0: Called Strike
0-1: Ground out 1-3 (Groundball, 13S)
Top of the 6th over - 2 runs, 2 hits, 0 errors, 1 left on base; Houston 5 - Nashville 2
BOTTOM OF THE 6TH
Nashville G-Strings batting - Pitching for Houston Marshals : RHP José Salinas
Batting: LHB Alex Henderson 0-0: Called Strike
0-1: Ball
1-1: Ground out 6-3 (Groundball, 6)
Batting: LHB Jesús Núñez 0-0: Ground out 4-3 (Groundball, 4M)
Batting: LHB John Latham 0-0: Called Strike
0-1: Called Strike
0-2: Foul Ball, location: 2F
0-2: Ball
1-2: Foul Ball, location: 2F
1-2: Foul Ball, location: 2F
1-2: Ball
2-2: Foul Ball, location: 2F
2-2: Ball
3-2: Foul Ball, location: 2F
3-2: Strikes out swinging
Bottom of the 6th over - 0 runs, 0 hits, 0 errors, 0 left on base; Houston 5 - Nashville 2
TOP OF THE 7TH
Houston Marshals batting - Pitching for Nashville G-Strings : RHP Noriyuki Matsui
Batting: SHB Juan Gómez 0-0: Ball
1-0: Swinging Strike
1-1: Swinging Strike
1-2: Ground out 1-3 (Groundball, 13S)
Batting: SHB Ramón Lugo 0-0: Fly out, F5 (Line Drive, 5S)
Batting: LHB José Rodríguez 0-0: Called Strike
0-1: Called Strike
0-2: Strikes out swinging
Top of the 7th over - 0 runs, 0 hits, 0 errors, 0 left on base; Houston 5 - Nashville 2
BOTTOM OF THE 7TH
Nashville G-Strings batting - Pitching for Houston Marshals : RHP José Salinas
Pinch Hitting: RHB Sergio Márquez 0-0: Ball
1-0: Ball
2-0: SINGLE (Line Drive, 5D)
Batting: LHB Miguel Rivería 0-0: Called Strike
0-1: Foul Ball, location: 2F
0-2: Ball
1-2: Foul Ball, location: 2F
1-2: Ball
2-2: Strikes out swinging
Pinch Hitting: SHB Rob Grun 0-0: Called Strike
0-1: Ball
1-1: Called Strike
1-2: Strikes out looking
Batting: RHB Dick Slagboom 0-0: Ball
1-0: Foul Ball, location: 2F
1-1: Ground out 5-3 (Groundball, 56S)
Bottom of the 7th over - 0 runs, 1 hit, 0 errors, 1 left on base; Houston 5 - Nashville 2
TOP OF THE 8TH
Houston Marshals batting - Pitching for Nashville G-Strings : RHP Noriyuki Matsui
Pitching: RHP Vaughn Stanley
Now at 1B: Shawn Marshall
Now at SS: Sergio Márquez
Batting: RHB Raúl Soto 0-0: SINGLE (Groundball, 6MD)
Pinch Hitting: RHB Chris Parker 0-0: Foul Ball, location: 2F
0-1: Foul Ball, location: 2F
0-2: Strikes out swinging
Pinch Hitting: LHB Bernardo Morales 0-0: Ball
1-0: Ball
2-0: Called Strike
2-1: Foul Ball, location: 2F
2-2: Foul Ball, location: 2F
2-2: Foul Ball, location: 2F
2-2: Foul Ball, location: 2F
2-2: Fly out, F9 (Flyball, 9D)
Runner from 1st tags up, SAFE at 2nd
Batting: RHB Javier Rentería 0-0: Ball
1-0: Ball
2-0: Called Strike
2-1: Ground out 4-3 (Groundball, 4)
Top of the 8th over - 0 runs, 1 hit, 0 errors, 1 left on base; Houston 5 - Nashville 2
BOTTOM OF THE 8TH
Nashville G-Strings batting - Pitching for Houston Marshals : RHP José Salinas
Pitching: LHP Edgardo Guzmán
Now at 1B: Chris Parker
Now at 3B: Jim Tracy
Pinch Hitting: LHB George Smith 0-0: Called Strike
0-1: Foul Ball, location: 2F
0-2: Foul Ball, location: 2F
0-2: Foul Ball, location: 2F
0-2: Foul Ball, location: 2F
0-2: Ball
1-2: Strikes out swinging
Pinch Hitting: RHB Jesús Cabrera 0-0: Ball
1-0: Called Strike
1-1: Called Strike
1-2: Ball
2-2: Ball
3-2: Foul Ball, location: 2F
3-2: Ground out 5-3 (Groundball, 56)
Pinch Hitting: RHB John Denton 0-0: Ball
1-0: Foul Ball, location: 2F
1-1: Called Strike
1-2: DOUBLE (Line Drive, 78D)
Pinch Hitting: RHB Greg King 0-0: Ball
1-0: Ball
2-0: TRIPLE (Flyball, 8RXD)
John Denton scores
Pinch Hitting: RHB Danny Campbell 0-0: Called Strike
0-1: Ball
1-1: Ball
2-1: Fly out, F9 (Flyball, 89S)
Bottom of the 8th over - 1 run, 2 hits, 0 errors, 1 left on base; Houston 5 - Nashville 3
TOP OF THE 9TH
Houston Marshals batting - Pitching for Nashville G-Strings : RHP Vaughn Stanley
Now at 2B: Greg King
Now at SS: Don Soper
Now in LF: George Smith
Now in CF: Danny Campbell
Now in RF: John Denton
Batting: RHB Michael Thomas 0-0: Fly out, F7 (Line Drive, 78D)
Batting: LHB Guy Moss 0-0: Ball
1-0: Ground out 4-3 (Groundball, 34D)
Pinch Hitting: RHB Gustavo Díaz 0-0: Ball
1-0: Called Strike
1-1: Swinging Strike
1-2: Ball
2-2: Foul Ball, location: 2F
2-2: Strikes out swinging
Top of the 9th over - 0 runs, 0 hits, 0 errors, 0 left on base; Houston 5 - Nashville 3
BOTTOM OF THE 9TH
Nashville G-Strings batting - Pitching for Houston Marshals : LHP Edgardo Guzmán
Pitching: RHP Vinícius Itaquy
Now at C: Gustavo Díaz
Batting: RHB Sergio Márquez 0-0: Ball
1-0: SINGLE (Flyball, 34D)
Batting: LHB Miguel Rivería 0-0: Called Strike
0-1: Ball
1-1: Foul Ball, location: 2F
1-2: Grounds into double play, 6-4-3 (Groundball, 6)
Batting: RHB Shawn Marshall 0-0: Called Strike
0-1: Ball
1-1: Foul Ball, location: 2F
1-2: SINGLE (Groundball, 6MD)
Pinch Hitting: LHB Mike Callahan 0-0: Called Strike
0-1: Ball
1-1: Foul Ball, location: 2F
1-2: 2-RUN HOME RUN (Flyball, 9LD), Distance : 342 ft
Batting: LHB George Smith 0-0: Foul Ball, location: 2F
0-1: Ball
1-1: Swinging Strike
1-2: Ball
2-2: SINGLE (Groundball, 34D)
Pinch Runner at 1st Luis Peña:
Pinch Hitting: LHB Ramón Morales 0-0: Ball
Throwing error on steal attempt, E2
Luis Peña to third
1-0: Called Strike
1-1: Foul Ball, location: 2F
1-2: Strikes out looking
Bottom of the 9th over - 2 runs, 4 hits, 1 error, 1 left on base; Houston 5 - Nashville 5
TOP OF THE 10TH
Houston Marshals batting - Pitching for Nashville G-Strings : RHP Vaughn Stanley
Now at C: Jeff Forsyth
Now at 1B: Mike Callahan
Now in CF: Luis Peña
Batting: SHB Ramón Lugo 0-0: Called Strike
0-1: Called Strike
0-2: Ball
1-2: Fly out, F8 (Line Drive, 78M)
Batting: LHB José Rodríguez 0-0: Ball
1-0: Fly out, F6 (Popup, 6M)
Batting: RHB Raúl Soto 0-0: Ball
1-0: Foul Ball, location: 2F
1-1: Called Strike
1-2: Ball
2-2: DOUBLE (Flyball, 89D)
Batting: RHB Chris Parker 0-0: Called Strike
0-1: Ball
1-1: Ball
2-1: Called Strike
2-2: Ball
3-2: SINGLE (Groundball, 56D)
Raúl Soto to third
Raúl Soto scores
Batting: RHB Jim Tracy 0-0: Called Strike
0-1: SINGLE (Line Drive, 8LS)
Chris Parker to second
Pinch Runner at 2nd Roger Rush:
Batting: RHB Javier Rentería 0-0: Called Strike
0-1: Foul Ball, location: 2F
0-2: Ball
1-2: Foul Ball, location: 2F
1-2: SINGLE (Line Drive, 4MD)
Roger Rush to third
Jim Tracy to second
Runner from 3rd tries for Home, SAFE, no throw
Batting: RHB Michael Thomas 0-0: Ball
1-0: Ball
2-0: Swinging Strike
2-1: Foul Ball, location: 2F
2-2: Ball
3-2: Strikes out swinging
Top of the 10th over - 2 runs, 4 hits, 0 errors, 2 left on base; Houston 7 - Nashville 5
BOTTOM OF THE 10TH
Nashville G-Strings batting - Pitching for Houston Marshals : RHP Vinícius Itaquy
Pitching: RHP Álex Rodríguez
Now at 1B: Roger Rush
Batting: RHB John Denton 0-0: Called Strike
0-1: Ground out 1-3 (Groundball, 15S)
Batting: RHB Greg King 0-0: Foul Ball, location: 2F
0-1: Foul Ball, location: 2F
0-2: Ball
1-2: Ball
2-2: Strikes out swinging
Batting: RHB Danny Campbell 0-0: Called Strike
0-1: Swinging Strike
0-2: Strikes out looking
Bottom of the 10th over - 0 runs, 0 hits, 0 errors, 0 left on base; Houston 7 - Nashville 5
Saturday, December 16th, 2017 - OOTP Baseball 18.8 Build 76